[Event "*** SCC Grand Prix: Titled Tuesday Blitz"]
[Site "Chess.com"]
[Date "2020.06.02"]
[Round "4"]
[White "Bhagya_2312"]
[Black "Borsuk_Konstantin"]
[Result "0-1"]
[WhiteElo "2154"]
[BlackElo "2564"]
[TimeControl "180+1"]
[EndTime "10:40:00 PDT"]
[Termination "Borsuk_Konstantin won on time"]

1. e4 e6 2. d4 d5 3. e5 c5 4. c3 Nc6 5. Nf3 Qb6 6. Be2 Nh6 7.
Bxh6 gxh6 8. Qd2 Bg7 9. O-O O-O 10. Na3 f6 11. exf6 Rxf6 12. Nc2 cxd4 13. cxd4 Bd7 14.
Ne3 Raf8 15. Ng4 Rf4 16. Nge5 Nxe5 17. dxe5 Be8 18. Rae1 Bh5 19. Bd1 Kh8 20. Re3 Qc7 21. Nd4 Bxd1 22. Qxd1 Qb6 23. Nf3 a5 24. b3 Rc8 25.
Qd2 Qc5 26. Ree1 Rff8 27. Nd4 Qb6 28. Rc1 Bxe5 29. Nf3 Bg7 30. Rxc8 Rxc8 31. Qe2 Qd6 32. Re1 e5 33. Rd1 e4 34. Nd4 Bxd4 35. Rxd4 Rc1+ 36. Rd1 Qc5 37. Kf1 Qc3 38. g3 b5 39. Kg2 Rxd1 40. Qxd1 Qc6 0-1

[Event "*** SCC Grand Prix: Titled Tuesday Blitz"]
[Site "Chess.com"]
[Date "2020.06.02"]
[Round "4"]
[White "GjakanTati"]
[Black "Cecile-Haussernot"]
[Result "1-0"]
[WhiteElo "2603"]
[BlackElo "2343"]
[TimeControl "180+1"]
[EndTime "10:40:00 PDT"]
[Termination "GjakanTati won by checkmate"]

1. d4 Nf6 2. c4 e6 3. Nf3 c5 4. d5 b5 5. a4 bxc4 6. Nc3 Bb7 7. e4 exd5 8. exd5 d6 9. Bxc4 Be7 10. O-O O-O 11.
Re1 Nbd7 12. a5 a6 13. h3 Re8 14.
Bf4 Bf8 15. Qd3 Nh5 16. Bg5 Be7 17. Bd2 Bf8 18. Ne4 Ne5 19. Nxe5 Rxe5 20. f4 Re8 21. Ng5 Nf6 22. Bc3 g6 23. f5 Bg7 24. fxg6 hxg6 25. Rf1 Bc8 26. Qg3 Bf5 27. Qh4 Nh5 28. Rxf5 Bxc3 29. bxc3 Ra7 30. Rf3 Re5 31. Rb1 Rxg5 32.
Qf2 Qe7 33. Rb6 Re5 34. Bxa6 Rxa6 35. Rxa6 Re1+ 36. Kh2 Qe5+ 37. g3 Re2 38. Ra8+ Kg7 39. Rxf7+ Kh6 40. Rh8+ Kg5 41. Rxh5+ gxh5 42. Rf5+ Qxf5 43.
Qxe2 Kg6 44. Qe6+ Qxe6 45. dxe6 Kf6 46. a6 Kxe6 47. a7 d5 48. a8=Q d4 49. cxd4 cxd4 50. Qe4+ Kd6 51. Qxd4+ Kc6 52. Qh4 Kb6 53. Qxh5 Kc6 54.
g4 Kd6 55. g5 Ke6 56. g6 Kd6 57. Qh7 Ke6 58. g7 Kd6 59. g8=Q Kc6 60. Qe6+ Kc5 61.
Qhf5+ Kd4 62. Qee4+ Kc3 63. Qff3+ Kb2 64. Qee2+ Kc1 65.
Qff1# 1-0

[Event "*** SCC Grand Prix: Titled Tuesday Blitz"]
[Site "Chess.com"]
[Date "2020.06.02"]
[Round "4"]
[White "warmoatmeal"]
[Black "Boudicca64"]
[Result "1-0"]
[WhiteElo "2220"]
[BlackElo "1981"]
[TimeControl "180+1"]
[EndTime "10:40:00 PDT"]
[Termination "warmoatmeal won on time"]

1. d4 d5 2. Bf4 Nf6 3. e3 e6 4. Nf3 Be7 5. Nbd2 O-O 6. Bd3 b6 7. O-O Bb7 8. h3 Nbd7 9. Bg3 Ne4 10. Bh2 c5 11. c3 f5 12. Ne5 Bf6 13. f3 Nxd2 14. Qxd2 Bxe5 15. dxe5 Qg5 16. f4 Qg6 17. Rfe1 Rad8 18. Bf1 d4 19. exd4 cxd4 20. Qxd4 Nc5 21.
Qf2 Ne4 22. Qe3 Rd2 23. Re2 Rfd8 24. Rae1 R2d3 25. Qc1 Rxh3 26. Kh1 Rhd3 27. Re3 Qh6 28. Kg1 Qh4 29. Rxd3 Qf2+ 30. Kh1 Rxd3 31. Re2 Qh4 32. Re3 Nf2+ 33. Kg1 Rd1 34. Qc2 Ng4 35. Rh3 Qe1 36. Rf3 Nxh2 37. Kxh2 Qh4+ 38. Rh3 Qxf4+ 39. Rg3 Qxf1 40. Re3 Qh1+ 41. Kg3 Rf1 42. Re2 f4+ 43.
Kg4 1-0

[Event "*** SCC Grand Prix: Titled Tuesday Blitz"]
[Site "Chess.com"]
[Date "2020.06.02"]
[Round "4"]
[White "AminMolaei"]
[Black "GM_Levan_Pantsulaia"]
[Result "1-0"]
[WhiteElo "2727"]
[BlackElo "2835"]
[TimeControl "180+1"]
[EndTime "10:40:01 PDT"]
[Termination "AminMolaei won on time"]

1. d4 Nf6 2. c4 c5 3. d5 g6 4. Nc3 Bg7 5. e4 O-O 6. Nf3 e6 7. h3 exd5 8. exd5 Re8+ 9. Be3 d6 10. Bd3 Rxe3+ 11. fxe3 Qe7 12. Qe2 Nh5 13. Qf2 Nf4 14. Bc2 Nd7 15. O-O Nh5 16. Rae1 Ne5 17. Nxe5 Bxe5 18.
Ne2 Bg7 19. Nf4 Nf6 20. e4 Nd7 21. Kh1 Bxb2 22. e5 Nxe5 23. Bxg6 Bd4 24. Bxf7+ Qxf7 25. Qh4 Bd7 26. Nh5 Qg6 27. Rf6 Qd3 28. Qg5+ Ng6 29.
Qh6 Bxf6 30. Nxf6+ Kf7 31. Nh5 Qd4 32. Qxh7+ Kf8 33.
Qxg6 Be8 34. Qxd6+ Kg8 35. Nf6+ Kf7 36. Nxe8 1-0

[Event "*** SCC Grand Prix: Titled Tuesday Blitz"]
[Site "Chess.com"]
[Date "2020.06.02"]
[Round "4"]
[White "FightingChess"]
[Black "tsaruk_maks"]
[Result "1-0"]
[WhiteElo "2371"]
[BlackElo "2606"]
[TimeControl "180+1"]
[EndTime "10:40:01 PDT"]
[Termination "FightingChess won by checkmate"]

1. e4 e6 2. d4 b6 3. Bd3 Bb7 4. c3 Nf6 5. Qe2 d5 6. e5 Nfd7 7. f4 c5 8. Nf3 Qc8 9. a4 Ba6 10. Bb5 Bxb5 11. axb5 cxd4 12. Nxd4 a5 13. Be3 g6 14. O-O Be7 15. b4 a4 16. Qc2 O-O 17. Rxa4 Rxa4 18. Qxa4 Qc4 19. Qb3 Qd3 20. Bf2 Rc8 21.
Rd1 Qe4 22. g3 g5 23. Nd2 Qg6 24. Be3 Qd3 25. Nf1 Rxc3 26. Rxd3 Rxb3 27. Rxb3 gxf4 28. Bxf4 Kf8 29. Ne3 Ke8 30. Rc3 Kd8 31. Rb3 Kc8 32. Kf2 Kb7 33. Kf3 Nf8 34. Ng4 Nbd7 35. Nf6 Nxf6 36.
exf6 Bxf6 37. Ne2 Nd7 38. Rb1 e5 39. Bd2 Be7 40. g4 e4+ 41. Kf4 h6 42. Kf5 Nf8 43. Be3 Ng6 44. Nd4 Nh4+ 45. Ke5 Ng2 46. Bf2 e3 47.
Bg1 e2 48. Nxe2 f6+ 49. Kxd5 Nh4 50. Nd4 Ng6 51. Bf2 Nf4+ 52. Ke4 Bd6 53. Rd1 Nh3 54. Kf3 Bxb4 55. Kg3 Ng5 56. Be3 Ne4+ 57. Kf4 Nc3 58.
Rf1 Nd5+ 59. Ke4 Nc3+ 60. Kd3 Nd5 61. Rf5 Ne7 62. Rxf6 Bc5 63. Rf7 Kc8 64. Nf5 Nxf5 65. gxf5 Bd6 66. Bxb6 Bxh2 67. Bc5 Kd8 68. Kc4 Ke8 69.
Re7+ Kd8 70. f6 Bg1 71. Rf7 Bxc5 72. Kxc5 h5 73. Rh7 h4 74. Rxh4 Ke8 75. Rh7 Kf8 76. Kd6 Kg8 77. Rg7+ Kf8 78. Re7 Kg8 79. Ke6 Kf8 80.
Kf5 Kg8 81. Kg6 Kf8 82. b6 Kg8 83. Re8# 1-0

[Event "*** SCC Grand Prix: Titled Tuesday Blitz"]
[Site "Chess.com"]
[Date "2020.06.02"]
[Round "4"]
[White "temus_galaktionov"]
[Black "OparinGrigoriy"]
[Result "0-1"]
[WhiteElo "2724"]
[BlackElo "2915"]
[TimeControl "180+1"]
[EndTime "10:40:02 PDT"]
[Termination "OparinGrigoriy won by resignation"]

1. d4 Nf6 2. Nf3 e6 3. c4 Bb4+ 4. Nbd2 O-O 5. a3 Be7 6. e3 d5 7.
b4 a5 8. b5 c5 9. bxc6 bxc6 10. Bb2 Ba6 11. Be2 Nbd7 12. O-O c5 13. cxd5 Nxd5 14.
Bxa6 Rxa6 15. Nc4 cxd4 16. Nxd4 Nc5 17. Qe2 Qa8 18. a4 Rb8 19. Rfd1 Bf8 20. h3 Qb7 21. e4 Nf4 22. Qg4 Nfd3 23. Ba3 Rd8 24. Bxc5 Nxc5 25.
e5 Raa8 26. Nb5 Rxd1+ 27. Rxd1 Nxa4 28. Ncd6 Bxd6 29. Nxd6 Qb3 30. Kh2 Nb6 31. Qe2 Nd5 32. Rd3 Qb6 33. Rg3 g6 34. h4 Qd4 35. h5 Qh4+ 36.
Rh3 Qf4+ 37. Rg3 a4 38. Kh3 a3 39. hxg6 hxg6 40. Rf3 Qh6+ 41. Kg3 a2 42. Nxf7 Qg7 43. Ng5 a1=Q 44. Nxe6 Qgxe5+ 0-1

[Event "*** SCC Grand Prix: Titled Tuesday Blitz"]
[Site "Chess.com"]
[Date "2020.06.02"]
[Round "4"]
[White "Norival"]
[Black "Piotrek1979"]
[Result "1-0"]
[WhiteElo "2632"]
[BlackElo "2424"]
[TimeControl "180+1"]
[EndTime "10:40:02 PDT"]
[Termination "Norival won on time"]

1. d4 Nf6 2. Nf3 d6 3. g3 g6 4.
Bg2 Bg7 5. O-O O-O 6. Nc3 Nbd7 7.
e4 e5 8. h3 c6 9. Re1 a5 10. a4 Re8 11. b3 Qb6 12. Be3 exd4 13. Bxd4 Qc7 14. Qd2 Ne5 15. Nh2 Ned7 16. Rad1 Bf8 17.
Nf1 Ne5 18. f4 Ned7 19. g4 h5 20. g5 Nh7 21. Qf2 Nc5 22. Bxc5 dxc5 23. e5 Bf5 24.
Ne3 Be6 25. Ne4 b5 26. c4 bxa4 27. bxa4 Rab8 28. Nd6 Red8 29. f5 gxf5 30. Nexf5 Rb4 31.
Qg3 Kh8 32. g6 fxg6 33. Nh4 g5 34. Ng6+ Kg7 35. Nxf8 Rxf8 36. Rf1 h4 37. Qe3 Qe7 38. Bxc6 Rbb8 39. Bd5 g4 40. hxg4 Bxg4 41. Rde1 Qg5 42.
Qxg5+ Nxg5 43. Rxf8 Rxf8 44. e6 Nh3+ 45. Kg2 Rf2+ 46. Kh1 1-0

[Event "*** SCC Grand Prix: Titled Tuesday Blitz"]
[Site "Chess.com"]
[Date "2020.06.02"]
[Round "4"]
[White "Enriquack"]
[Black "Matveev_Vladimir"]
[Result "1-0"]
[WhiteElo "2359"]
[BlackElo "2570"]
[TimeControl "180+1"]
[EndTime "10:40:02 PDT"]
[Termination "Enriquack won by resignation"]

1. e4 c5 2. Nf3 d6 3. d4 cxd4 4. Nxd4 Nf6 5. Nc3 a6 6. Bg5 e6 7. f4 Qc7 8. Qf3 Be7 9. O-O-O h6 10. Bh4 Nbd7 11. Be2 g5 12. fxg5 Ne5 13. Qe3 hxg5 14.
Bxg5 Nfg4 15. Qf4 Bxg5 16. Qxg5 Nf2 17. Nf5 Nxd1 18. Rxd1 exf5 19. Nd5 Qd8 20. Qg7 Qh4 21. Nc7+ Ke7 22. Nd5+ Kd8 23. Kb1 Qh6 24. Qg3 f4 25. Qb3 b5 26. Qc3 Ra7 27. Nb6 Rc7 28. Qxe5 Rc6 29.
Qd4 Re8 30. Nd5 Be6 31. Qa7 Bxd5 32. Qb8+ Rc8 33. Qb6+ Rc7 34. Rxd5 Kd7 35. Bg4+ Ke7 36. Qxc7+ Kf8 37. Qxd6+ Qxd6 38. Rxd6 Rxe4 39. b3 f3 40. Bxf3 Re1+ 41. Kb2 Rh1 42. Rxa6 Rxh2 43. Rb6 Kg7 44. Rxb5 Rh1 45. a4 Re1 46. a5 Re7 47. a6 Ra7 48. Ra5 f5 49. b4 f4 50. b5 Kf6 51.
b6 1-0

[Event "*** SCC Grand Prix: Titled Tuesday Blitz"]
[Site "Chess.com"]
[Date "2020.06.02"]
[Round "4"]
[White "peixe64"]
[Black "Alexey_Spirin"]
[Result "1/2-1/2"]
[WhiteElo "2220"]
[BlackElo "2009"]
[TimeControl "180+1"]
[EndTime "10:40:02 PDT"]
[Termination "Game drawn by repetition"]

1. d4 Nf6 2. c4 e6 3. Nc3 Bb4 4. e3 b6 5. Ne2 Bb7 6. a3 Be7 7. f3 d6 8. Ng3 O-O 9. Be2 Re8 10. O-O Nbd7 11. e4 c5 12. d5 exd5 13. cxd5 a6 14. Nf5 Bf8 15. a4 Qc7 16. Bg5 Rab8 17. Qe1 Kh8 18. Bc4 Ne5 19. b3 Bc8 20. Bxf6 gxf6 21. Qh4 Bg7 22. Nxg7 Kxg7 23. Ne2 Ng6 24. Qg3 b5 25.
axb5 axb5 26. Bd3 c4 27. bxc4 bxc4 28. Bc2 Qe7 29. Nf4 Qe5 30. Nxg6 hxg6 31. Ra7 Rb2 32. Qf2 Rh8 33. f4 Qh5 34. h3 Bxh3 35. e5 dxe5 36. fxe5 f5 37. e6 Bxg2 38. Qd4+ Kh6 39. Qf4+ Qg5 40.
Qh2+ Qh5 41. Qf4+ Qg5 42. Qh2+ Qh5 43. Qf4+ 1/2-1/2

[Event "*** SCC Grand Prix: Titled Tuesday Blitz"]
[Site "Chess.com"]
[Date "2020.06.02"]
[Round "4"]
[White "H16"]
[Black "WPWPWP-2015"]
[Result "0-1"]
[WhiteElo "2505"]
[BlackElo "2345"]
[TimeControl "180+1"]
[EndTime "10:40:03 PDT"]
[Termination "WPWPWP-2015 won by resignation"]

1. d4 Nf6 2. c4 g6 3. f3 Bg7 4. e4 d6 5. Nc3 O-O 6. Nge2 c5 7. d5 e6 8. Ng3 exd5 9. cxd5 Nbd7 10. Be2 a6 11. a4 h5 12. Bg5 Qe8 13. Qd2 Ne5 14. O-O Nh7 15. Bh6 h4 16. Nh1 f5 17. Bxg7 Kxg7 18.
exf5 Bxf5 19. Nf2 Qe7 20. Rae1 Qc7 21. f4 Nf7 22. Nfe4 Rae8 23. Bf3 Re7 24. g4 hxg3 25. hxg3 Rfe8 26. Kg2 Qd7 27. Rh1 Nh6 28. b4 Ng8 29.
bxc5 Ngf6 30. Nxf6 Nxf6 31. c6 Qc7 32. Rxe7+ Qxe7 33.
cxb7 Qxb7 34. Qd4 Qb2+ 35. Qf2 Qxc3 36. Rd1 Rb8 37. Rd2 Ne4 38. Qa7+ Kf6 39. Re2 Re8 40. Qh7 Re7 41. Qh4+ Kf7 42. Qh7+ Qg7 43. Qh8 Qxh8 0-1

[Event "*** SCC Grand Prix: Titled Tuesday Blitz"]
[Site "Chess.com"]
[Date "2020.06.02"]
[Round "4"]
[White "LedakovAlexandr"]
[Black "Quattroporte300"]
[Result "1-0"]
[WhiteElo "2495"]
[BlackElo "2309"]
[TimeControl "180+1"]
[EndTime "10:40:03 PDT"]
[Termination "LedakovAlexandr won by resignation"]

1. d4 Nf6 2. Nf3 e6 3. Bg5 h6 4. Bh4 d6 5. Nbd2 g5 6. Bg3 Nh5 7. e3 Bg7 8. c3 Nd7 9. Ng1 Nxg3 10. hxg3 Qe7 11. Bd3 b6 12. Qf3 d5 13. Bb5 Bb7 14. Qe2 c6 15. Ba6 O-O-O 16. a4 e5 17. a5 b5 18. Bxb7+ Kxb7 19. a6+ Kb8 20. Ra5 exd4 21. exd4 Rhe8 22. Qxe7 Rxe7+ 23. Kd1 g4 24. Ne2 Kc7 25. Nf4 Kb6 26. Ra1 Nb8 27. Nf1 f5 28. Ne3 Rf8 29. Re1 Ree8 30. Kc2 Nxa6 31. Rh1 Nc7 32. Rh5 Ne6 33. Kd3 Rf7 34. Rxf5 Nxf4+ 35. Rxf4 Rxf4 36. gxf4 h5 37. b4 Bh6 38. g3 h4 39. Nxg4 Bg7 40.
Ne3 h3 41. Rh1 Rh8 42. Nf5 Bf6 43. g4 a5 44. bxa5+ Kxa5 45. g5 Bd8 46. Nd6 Kb6 47. Nf7 Rf8 48. Nxd8 Rxd8 49. Rxh3 Rf8 50. g6 Rxf4 51. g7 1-0

[Event "*** SCC Grand Prix: Titled Tuesday Blitz"]
[Site "Chess.com"]
[Date "2020.06.02"]
[Round "4"]
[White "Trickov"]
[Black "Morshynska"]
[Result "1-0"]
[WhiteElo "2334"]
[BlackElo "2155"]
[TimeControl "180+1"]
[EndTime "10:40:03 PDT"]
[Termination "Trickov won by resignation"]

1. d4 Nf6 2. Nf3 g6 3. c4 Bg7 4. g3 O-O 5. Bg2 d5 6. O-O dxc4 7. Na3 c3 8. bxc3 c5 9. Nc4 Nc6 10. Nfe5 Bd7 11. Nxd7 Nxd7 12. e3 Rc8 13. Qb3 Qc7 14. Ba3 Rfd8 15. Rac1 Rb8 16. Rfd1 Na5 17. Nxa5 Qxa5 18.
c4 Qc7 19. Bb2 b6 20. d5 Nf6 21. a4 Qd7 22. Bc3 e6 23. e4 exd5 24. cxd5 Ne8 25. Bxg7 Nxg7 26. a5 f5 27. exf5 Nxf5 28. axb6 axb6 29.
Bh3 Kh8 30. Qc3+ Qg7 31. Qd3 Nd6 32. Be6 Qf6 33. Ra1 Ra8 34. Rxa8 Rxa8 35. Qb3 b5 36. Qe3 Ra1 37. Rxa1 Qxa1+ 38. Kg2 Qd4 39. Qg5 Qg7 40. Qd8+ 1-0

[Event "*** SCC Grand Prix: Titled Tuesday Blitz"]
[Site "Chess.com"]
[Date "2020.06.02"]
[Round "4"]
[White "Dmitry_M1"]
[Black "gixfantastix"]
[Result "1-0"]
[WhiteElo "2384"]
[BlackElo "2079"]
[TimeControl "180+1"]
[EndTime "10:40:04 PDT"]
[Termination "Dmitry_M1 won on time"]

1. d4 Nf6 2. c4 e6 3. Nf3 d5 4. cxd5 exd5 5. Nc3 c6 6. Bg5 Bg4 7. Ne5 Bh5 8. Qc2 Bd6 9. e3 Nbd7 10. Nxd7 Qxd7 11.
Bxf6 gxf6 12. Bd3 Qg4 13. f3 Qh4+ 14. Qf2 Qxf2+ 15. Kxf2 Bg6 16. Rhd1 Rg8 17. f4 Bxd3 18. Rxd3 f5 19. Ne2 Ke7 20. Ng3 Kf6 21. Rc1 Rae8 22. Rb3 Re7 23. a4 Rge8 24. Rd3 Kg6 25. Nf1 Re6 26.
h3 Be7 27. Nh2 Bh4+ 28. g3 Bd8 29. Nf3 Bc7 30. g4 fxg4 31. hxg4 Kg7 32. Nh4 Kf8 33. Nf5 Rg6 34. Kf3 Rge6 35. Rh1 Kg8 36. Rd2 Rg6 37. Rdh2 1-0

[Event "*** SCC Grand Prix: Titled Tuesday Blitz"]
[Site "Chess.com"]
[Date "2020.06.02"]
[Round "4"]
[White "Shota_Azaladze"]
[Black "HarutyunianTigranK"]
[Result "1-0"]
[WhiteElo "2848"]
[BlackElo "2711"]
[TimeControl "180+1"]
[EndTime "10:40:05 PDT"]
[Termination "Shota_Azaladze won by checkmate"]

1. Nf3 d5 2. g3 Nc6 3. Bg2 e5 4. d3 Nf6 5. O-O g6 6. Bg5 Bg7 7. Nc3 h6 8. Bxf6 Bxf6 9. e4 d4 10. Nd5 Bg7 11. c3 O-O 12. cxd4 exd4 13. a3 a5 14. b4 Be6 15. b5 Bxd5 16. exd5 Ne7 17. Nd2 Nxd5 18. Qb3 c6 19. bxc6 bxc6 20. Qa4 Rc8 21.
Nc4 Nb6 22. Nxb6 Qxb6 23. Rfc1 c5 24. Rab1 Qa6 25. Rb5 Rfe8 26. Bb7 Qd6 27. Bxc8 Rxc8 28. Qxa5 Bf8 29. Qb6 Qe5 30. Qb7 Re8 31. Qf3 Re6 32. a4 Rf6 33. Qe4 Qg5 34. Rc2 Re6 35. Qa8 Kg7 36.
Rb1 Qf5 37. Rd2 c4 38. Rb5 c3 39. Rd1 c2 40. Rf1 Qxd3 41. Qc8 Qd2 42. Rb8 Bd6 43.
Qh8# 1-0

[Event "*** SCC Grand Prix: Titled Tuesday Blitz"]
[Site "Chess.com"]
[Date "2020.06.02"]
[Round "4"]
[White "mattcolins2025"]
[Black "Ziachess74"]
[Result "0-1"]
[WhiteElo "2365"]
[BlackElo "2603"]
[TimeControl "180+1"]
[EndTime "10:40:05 PDT"]
[Termination "Ziachess74 won by resignation"]

1. d4 d5 2. c4 e6 3. Nc3 c6 4. Nf3 dxc4 5. a4 Bb4 6. Bd2 b5 7. axb5 Bxc3 8. Bxc3 cxb5 9. b3 cxb3 10. Qxb3 a6 11.
e3 Bb7 12. Ne5 Bd5 13. Qb2 Nd7 14. Ba5 Qb8 15. Nd3 Ngf6 16. Bb4 Bc4 17. Nf4 Bxf1 18. Rxf1 g5 19. Nd3 Qxh2 20. d5 exd5 21. g3 Qg2 22.
Bc3 Qf3 23. Ne5 Nxe5 24. Bxe5 O-O 25. Bxf6 Rfe8 26. Bd4 f5 27. Qe2 Qe4 28. f3 Qe6 29. Kf2 Rac8 30. Rfc1 Rc4 31. Rxc4 dxc4 32. Rh1 b4 33.
Qc2 c3 34. Qd3 Rc8 35. g4 c2 36. gxf5 Qc4 37. Qxc4+ Rxc4 38. Rc1 b3 39. Ke2 Rxd4 40. exd4 b2 41. Rxc2 b1=Q 42. Rc8+ Kf7 43. Rc7+ Kf6 44.
Rxh7 Qxf5 45. Rh6+ Kg7 46. Rh2 Qc2+ 0-1

[Event "*** SCC Grand Prix: Titled Tuesday Blitz"]
[Site "Chess.com"]
[Date "2020.06.02"]
[Round "4"]
[White "eCztery"]
[Black "JonahWillow"]
[Result "1-0"]
[WhiteElo "2370"]
[BlackElo "2653"]
[TimeControl "180+1"]
[EndTime "10:40:05 PDT"]
[Termination "eCztery won by resignation"]

1. e4 c5 2. Nf3 e6 3. d4 cxd4 4.
Nxd4 Nc6 5. Nc3 Qc7 6. Nb3 Nf6 7.
Bd3 a6 8. O-O Be7 9. f4 d6 10.
Be3 O-O 11. Qf3 Nd7 12. Rad1 b5 13. Qh3 g6 14. f5 Nf6 15. Bg5 Ne5 16. Kh1 Bd7 17. Nd4 Qc8 18. Nce2 Nc6 19. Nxc6 Bxc6 20.
Nd4 Bd7 21. Bh6 Re8 22. Bg5 e5 23. Ne2 d5 24. Nc3 d4 25. Bxf6 Bxf6 26. Nd5 Bh8 27. Qh4 Bc6 28. Ne7+ Rxe7 29. Qxe7 Qd8 30. Qb4 Bf6 31.
Rf3 a5 32. Qe1 g5 33. Rh3 Kg7 34. Qe2 h6 35. Qh5 Qh8 36. Rg3 Kf8 37. a4 b4 38. Bc4 Qg7 39. c3 Bxe4 40. Qe2 Bc6 41. cxd4 exd4 42. Bb3 Re8 43. Qc4 Be4 44. h3 Bxf5 45.
Qc5+ Kg8 46. Qxf5 Be5 47. Rf3 Bf4 48. g3 Re5 49. Qc8+ 1-0

[Event "*** SCC Grand Prix: Titled Tuesday Blitz"]
[Site "Chess.com"]
[Date "2020.06.02"]
[Round "4"]
[White "stolencandy13"]
[Black "BogdanDeac"]
[Result "0-1"]
[WhiteElo "2557"]
[BlackElo "2932"]
[TimeControl "180+1"]
[EndTime "10:40:06 PDT"]
[Termination "BogdanDeac won by resignation"]

1. e4 c5 2. Nf3 d6 3. d4 cxd4 4.
Nxd4 Nf6 5. Nc3 a6 6. h3 e5 7.
Nde2 b5 8. g4 b4 9. Nd5 Nxd5 10.
Qxd5 Ra7 11. Be3 Be6 12. Qd3 Rb7 13. Bg2 Be7 14. Ng3 Qc7 15. Nf5 O-O 16. Nxe7+ Qxe7 17. O-O a5 18. Rfd1 Rd8 19. a3 Qc7 20. axb4 axb4 21. f4 exf4 22. Bxf4 Rb6 23. Kh1 Qc8 24. Ra5 Nc6 25. Rb5 Qb7 26. Rxb6 Qxb6 27. Bxd6 h6 28. Qg3 Na5 29. Kh2 Qc6 30. c3 bxc3 31. bxc3 Nc4 32. e5 Qa6 33. Qd3 Qa5 34. Qd4 Nxe5 35. c4 Nxc4 36. Qf4 Qa6 37. Bf1 Qa2+ 38. Kg1 g5 39.
Qg3 Qa7+ 40. Kh1 Qb7+ 41. Bg2 Qd7 42. Kh2 Nxd6 43. Qe5 Qe7 44. Qe4 Nxe4 0-1

[Event "*** SCC Grand Prix: Titled Tuesday Blitz"]
[Site "Chess.com"]
[Date "2020.06.02"]
[Round "4"]
[White "GukeshDommaraju"]
[Black "Kildepiotr"]
[Result "1-0"]
[WhiteElo "2662"]
[BlackElo "2474"]
[TimeControl "180+1"]
[EndTime "10:40:06 PDT"]
[Termination "GukeshDommaraju won by resignation"]

1. c4 g6 2. d4 Bg7 3. Nc3 d6 4. e4 Nd7 5. Nf3 e5 6. Be2 Ngf6 7. O-O O-O 8. d5 Nc5 9. Nd2 a5 10. b3 Ne8 11. a3 f5 12. Bb2 Nf6 13. Qc2 Bh6 14.
f3 Be3+ 15. Kh1 Bd4 16. b4 axb4 17. axb4 Rxa1 18. Rxa1 Na6 19. Nb3 Nxb4 20. Qd2 c5 21. dxc6 Nxc6 22. Nxd4 Nxd4 23. Rd1 fxe4 24. Nxe4 Nxe4 25.
fxe4 Nxe2 26. Qxe2 Qf6 27. h3 Qh4 28. Qe3 Rf2 29.
Bc3 Qf6 30. c5 dxc5 31. Bxe5 Rf1+ 32. Rxf1 Qxf1+ 33. Kh2 Qf8 34. Qb3+ Qf7 35. Qb6 Qe7 36. Bd6 Qe8 37. Qxc5 Be6 38. Be5 Qc6 39. Qe7 Qd7 40.
Qf6 h5 41. Qxg6+ Kf8 42. Bf4 Qf7 43. Bd6+ Ke8 44. Qg5 Kd7 45. Bg3 Kc6 46. Qe5 Qd7 47.
Qc3+ Kb5 48. Qb2+ Kc4 49. Qb6 Qc6 50. Qe3 b5 51. Qc1+ 1-0

[Event "*** SCC Grand Prix: Titled Tuesday Blitz"]
[Site "Chess.com"]
[Date "2020.06.02"]
[Round "4"]
[White "El_ultimo_Pablo"]
[Black "Titus369"]
[Result "0-1"]
[WhiteElo "2359"]
[BlackElo "2588"]
[TimeControl "180+1"]
[EndTime "10:40:06 PDT"]
[Termination "Titus369 won by checkmate"]

1. d4 d5 2. c4 e6 3. Nf3 Nf6 4.
Nc3 Be7 5. Qc2 O-O 6. Bg5 c5 7.
cxd5 Nxd5 8. Bxe7 Nxe7 9. dxc5 Qa5 10. g3 Qxc5 11. Bg2 Nbc6 12. O-O e5 13. Rac1 Bf5 14. Qb3 Be6 15. Qa4 Qb6 16. b3 Rac8 17. Ng5 Bd7 18. Qh4 h6 19. Nge4 Nf5 20. Qh5 Ncd4 21. Nd5 Qb5 22.
Rxc8 Rxc8 23. e3 Ne2+ 24. Kh1 Rc1 25. Rxc1 Nxc1 26. g4 Qd3 27. h3 Qd1+ 28. Kh2 Ne2 29. h4 Qg1+ 30. Kh3 Nfd4 31. Nd6 g6 32. Qxe5 Bxg4+ 33. Kxg4 Qxg2+ 34. Qg3 Nxg3 35. Nf6+ Kf8 36. f3 Nge2# 0-1

[Event "*** SCC Grand Prix: Titled Tuesday Blitz"]
[Site "Chess.com"]
[Date "2020.06.02"]
[Round "4"]
[White "Baron_von_Koenig"]
[Black "Dmitry_Konenkin"]
[Result "0-1"]
[WhiteElo "2435"]
[BlackElo "2314"]
[TimeControl "180+1"]
[EndTime "10:40:06 PDT"]
[Termination "Dmitry_Konenkin won by checkmate"]

1. Nc3 d6 2. f4 e5 3. e4 Nf6 4. Nf3 Nbd7 5. Bc4 Be7 6. O-O O-O 7.
d3 c6 8. a4 a5 9. Qe1 Qc7 10. Nh4 Nb6 11. Bb3 Nh5 12. fxe5 dxe5 13.
Nf5 Bxf5 14. Rxf5 g6 15. Rxh5 gxh5 16. Bh6 Kh8 17. Bxf8 Rxf8 18. Qf2 Nd7 19. Qf5 Nc5 20. Bc4 Ne6 21. Kh1 Nd4 22. Qxh5 Nxc2 23. Rf1 f6 24.
Rf3 Bc5 25. Nd1 Qd7 26. Rh3 Nd4 27. Ne3 b5 28. axb5 cxb5 29. Bd5 Rc8 30. Qh6 Bf8 31. Qxf6+ Bg7 32. Qf1 Rf8 33. Qe1 b4 34. Qh4 Bf6 35.
Qh5 Qc7 36. Bc4 a4 37. Nd5 Qg7 38. g4 Bg5 39. Nb6 Rf1+ 40. Kg2 Rf8 41. Rg3 Qf6 42. h3 Qf1+ 43. Kh2 Rf2+ 44. Rg2 Qxg2# 0-1

[Event "*** SCC Grand Prix: Titled Tuesday Blitz"]
[Site "Chess.com"]
[Date "2020.06.02"]
[Round "4"]
[White "dopolian"]
[Black "KerryStead"]
[Result "1-0"]
[WhiteElo "2317"]
[BlackElo "2091"]
[TimeControl "180+1"]
[EndTime "10:40:06 PDT"]
[Termination "dopolian won on time"]

1. Nf3 d5 2. e3 c5 3. c4 Nf6 4. cxd5 Nxd5 5. Nc3 Nc6 6. Bc4 Nb6 7. Bb5 Bd7 8. O-O e6 9. d4 cxd4 10. exd4 a6 11. Bd3 Bd6 12. Bg5 Qc7 13. Rc1 h6 14. Be3 Rc8 15. Be4 O-O 16. d5 exd5 17. Nxd5 Nxd5 18. Bxd5 Qb8 19. h3 Bf5 20. Bxc6 Rxc6 21. Rxc6 bxc6 22. Nd4 Be4 23. b3 Rd8 24. Qg4 Bg6 25.
Nxc6 Qc7 26. Nxd8 Qxd8 27. Rc1 Qe7 28. Qc8+ Kh7 29. Qxa6 Qe5 30. Qc6 Be4 31. Qc4 Qh2+ 32. Kf1 Qxg2+ 33. Ke2 Bf3+ 34. Kd2 Qxh3 35. Qd3+ g6 36.
Qxd6 Qf5 37. Qd4 Be4 38. Rc7 g5 39. Rc5 Qe6 40. Re5 1-0

[Event "*** SCC Grand Prix: Titled Tuesday Blitz"]
[Site "Chess.com"]
[Date "2020.06.02"]
[Round "4"]
[White "Khvicha_Supatashvili"]
[Black "ram1zan"]
[Result "1-0"]
[WhiteElo "2729"]
[BlackElo "2845"]
[TimeControl "180+1"]
[EndTime "10:40:07 PDT"]
[Termination "Khvicha_Supatashvili won by checkmate"]

1. d4 Nf6 2. c4 e6 3. Nf3 d5 4. Nc3 Be7 5. Bg5 O-O 6. e3 b6 7. cxd5 Nxd5 8. Nxd5 exd5 9. Bxe7 Qxe7 10. Rc1 Be6 11.
Bd3 Rc8 12. O-O c5 13. e4 Rd8 14. exd5 Bxd5 15. Re1 Qf6 16. dxc5 bxc5 17. Rxc5 Bxa2 18. Qc2 Nd7 19. Bxh7+ Kf8 20. Ra5 Be6 21. Be4 Rac8 22. Qa4 Nb6 23. Qb4+ Kg8 24. Rxa7 Nc4 25. Qe7 Qxe7 26.
Rxe7 Nxb2 27. Ng5 Bc4 28. h4 Kf8 29. Rb7 Na4 30. Bf5 Rb8 31. Rc7 Bd5 32. Ree7 Rb1+ 33. Kh2 Rb2 34. f3 Rdb8 35. Nxf7 Bxf3 36. Kg3 Bxg2 37. Ng5 Bd5 38. Rxg7 R8b3+ 39. Kf4 Rf2+ 40. Ke5 Bc4 41. Nh7+ Ke8 42. Rc8# 1-0

[Event "*** SCC Grand Prix: Titled Tuesday Blitz"]
[Site "Chess.com"]
[Date "2020.06.02"]
[Round "4"]
[White "ChelsieMonica"]
[Black "Rish_97"]
[Result "0-1"]
[WhiteElo "2452"]
[BlackElo "2638"]
[TimeControl "180+1"]
[EndTime "10:40:07 PDT"]
[Termination "Rish_97 won by resignation"]

1. c4 e5 2. Nc3 Nf6 3. e3 Nc6 4. d4 exd4 5. exd4 Bb4 6. Nf3 O-O 7. Be2 d5 8. c5 Ne4 9. Bd2 Bg4 10. O-O Bxf3 11.
Bxf3 Nxd4 12. Bxe4 dxe4 13. Nxe4 Bxd2 14. Nxd2 Re8 15.
Nb3 Ne2+ 16. Kh1 Qf6 17. Qc2 Rad8 18. Rad1 Rxd1 19. Qxd1 Qxb2 20. Qd7 Qe5 21. h3 Qe7 22. Qd5 c6 23. Qc4 h6 24. Qb4 b5 25. Qa5 Nf4 26. Qd2 Qe4 27. Rg1 Nxh3 28. f3 Qf5 29. gxh3 Qxh3+ 30. Qh2 Qxf3+ 31. Qg2 Qh5+ 32. Qh2 Qd5+ 33.
Qg2 Qh5+ 34. Qh2 Qe5 35. Qxe5 Rxe5 36. Rg2 a5 37. Nxa5 Rxc5 38. Rd2 Rc1+ 39. Kg2 c5 40.
Nb7 c4 41. Nd6 c3 42. Rf2 c2 43. Nxb5 Rg1+ 44. Kxg1 c1=Q+ 45. Rf1 Qg5+ 46. Kf2 Qxb5 47. Kg2 Qa6 0-1